 Dungeon Crawl Stone Soup version 0.16-a0-4088-g7c8221e (console) character file.

67795 utis the Nimble (level 14, 90/92 HPs)
             Began as a Deep Elf Venom Mage on Nov 25, 2014.
             Was a High Priest of Vehumet.
             Quit the game on level 8 of the Lair of Beasts on Feb 23, 2015.
             The game lasted 02:29:16 (47625 turns).

utis the Nimble (Deep Elf Venom Mage)              Turns: 47625, Time: 02:29:16

Health: 90/92      AC: 15    Str: 12    XL:     14   Next: 84%
Magic:  36/36      EV: 22    Int: 26    God:    Vehumet [*****.]
Gold:   1882       SH:  0    Dex: 21    Spells: 11 memorised, 6 levels left

rFire  . . .     SeeInvis +     F - +6 morningstar {vamp, +Fly rC+ rN+}
rCold  + . .     Clarity  .     E - +3 ring mail
rNeg   + . .     SustAb   .     (no shield)
rPois  .         Gourm    .     R - +1 helmet {SInv}
rElec  .         Spirit   .     M - +0 cloak
rCorr  .         Warding  .     s - +0 pair of gloves
rMut   .         Stasis   .     Q - +0 pair of boots of Kiaj {Str+3 Int+4}
MR     +....                    (no amulet)
Stlth  +++.......               W - +6 ring of dexterity {=R}
                                b - ring of stealth

@: somewhat resistant to hostile enchantments, fairly stealthy
A: no striking features
a: Renounce Religion, Evoke Flight


You were on level 8 of the Lair of Beasts.
You worshipped Vehumet.
Vehumet was extremely pleased with you.
You were not hungry.

You visited 3 branches of the dungeon, and saw 24 of its levels.

You collected 2631 gold pieces.
You spent 749 gold pieces at shops.

Inventory:

Hand weapons
 a - the cursed +5 shortbow of the Pyrrhic Victory {venom, +Blink rElec rPois SInv, unknown}
   (You found it on level 4 of the Lair of Beasts)

   It poisons the ammo it fires.
   It insulates you from electricity.
   It protects you from poison.
   It enhances your eyesight.
   It lets you blink.
   It has a curse placed upon it.
 c - a +0 blowgun
 F - the +6 morningstar of Grandeur (weapon) {vamp, +Fly rC+ rN+}
   (You found it on level 7 of the Dungeon)

   It inflicts no extra harm, but heals its wielder somewhat when it strikes a
   living foe.
   It protects you from cold.
   It protects you from negative energy.
   It lets you fly.
Missiles
 A - 11 tomahawks (quivered)
 I - 6 curare-tipped needles {=f}
Armour
 s - a +0 pair of gloves (worn)
 E - a +3 ring mail (worn)
 M - a +0 cloak (worn)
 Q - the +0 pair of boots of Kiaj (worn) {Str+3 Int+4}
   (You bought it in a shop on level 5 of the Dungeon)

   It affects your strength (+3).
   It affects your intelligence (+4).
 R - a +1 helmet of see invisible (worn)
Jewellery
 b - a ring of stealth (left hand)
 h - an uncursed ring of stealth
 k - an uncursed ring of see invisible
 W - a +6 ring of dexterity (right hand) {=R}
 Y - an uncursed ring of fire
Magical devices
 f - a wand of digging (14)
 r - a wand of digging (14)
 D - a wand of random effects (13)
 K - a wand of cold (10)
Scrolls
 g - a scroll of blinking {!r}
 i - a scroll of fear {!r}
 j - 2 scrolls of magic mapping
 t - a scroll of brand weapon
 u - 5 scrolls of remove curse
 w - a scroll of fog
 y - 3 scrolls of identify
 B - 2 scrolls of silence {!r}
 T - 3 scrolls of teleportation {!r}
Potions
 d - a potion of restore abilities
 e - 3 potions of curing
 l - a potion of resistance
 m - 2 potions of agility
 n - a potion of magic
 o - 3 potions of heal wounds
 v - a potion of cure mutation {!q}
 G - 2 potions of flight
 O - a potion of haste {unknown}
 P - 3 potions of might
 X - 2 potions of invisibility
 Z - a potion of brilliance
Books
 z - a book of Changes

   Spells                             Type                      Level
   a - Beastly Appendage              Transmutation                1
   b - Sticks to Snakes               Transmutation                2
   c - Spider Form                    Transmutation/Poison         3
   d - Ice Form                       Ice/Transmutation            4
   e - Blade Hands                    Transmutation                5
Comestibles
 p - 18 fruits
 q - 7 bread rations
 x - 5 chunks of flesh
 C - 6 meat rations
 H - 2 royal jellies
 U - 10 slices of pizza


   Skills:
 - Level 12.6 Fighting
   Level 5.8 Short Blades
 + Level 9.4(9.5) Maces & Flails
   Level 2.4(8.2) Staves
 - Level 5.2 Armour
 - Level 13.6 Dodging
 - Level 2.4 Stealth
 - Level 12.0 Spellcasting
 - Level 4.0 Conjurations
 - Level 5.5 Charms
 - Level 5.7 Poison Magic


You had 6 spell levels left.
You knew the following spells:

 Your Spells              Type           Power        Failure   Level  Hunger
a - Sting                 Conj/Pois      ####         1%          1    None
b - Iskenderun's Mystic   Conj           #####...     4%          4    None
c - Regeneration          Chrm/Necr      ####......   10%         3    None
d - Summon Butterflies    Summ           ###.....     10%         1    None
v - Blink                 Tloc           N/A          12%         2    None
A - Apportation           Tloc           ###.......   10%         1    None
B - Venom Bolt            Conj/Pois      #####.....   10%         5    ###....
C - Mephitic Cloud        Conj/Pois/Air  ####....     2%          3    None
X - Iskenderun's Battles  Conj/Chrm      #####...     10%         5    ###....
Y - Olgreb's Toxic Radia  Pois           #####...     2%          4    None
Z - Cure Poison           Pois           #####.....   1%          2    None


Dungeon Overview and Level Annotations

Branches:
Dungeon (12/15)            Temple (0/1) D:7            Lair (8/8) D:9
  Swamp (0/5) Lair:6        Snake (0/5) Lair:5       Spider (0/5) Lair:4
  Slime (0/6) Lair:7          Orc (4/4) D:11            Elf (0/3) Orc:3

Altars:
Ashenzari
Cheibriados
Dithmenos
Gozag
Kikubaaqudgha
Makhleb
Nemelex Xobeh
Qazlal
Sif Muna
Trog
Vehumet
Yredelemnul
The Shining One
Beogh

Shops:
D:5 [   Orc:1 %   Orc:4 %[(?

Portals:
Bazaar: D:11

Annotations:
D:4 exclusion: zombie, utis' ghost, average DEEE


Message History

You hit the river rat but do no damage.
The river rat is almost dead.
The river rat misses you.
You closely miss the river rat.
The river rat is almost dead.
The river rat barely misses you.
You sock the river rat!
You feel better.
You kill the river rat!
Vehumet accepts your kill.
No target in view!
No target in view!
You see here a river rat corpse.
Unknown command.
Saving game... please wait.
Invalid glyph override: 0 Welcome back, utis the Deep Elf Venom Mage.
Vehumet says: Let it end in hellfire!
Press ? for a list of commands and other information.
Unknown command.
Are you sure you want to abandon this character and quit the game? (Confirm with "yes".)

≈≈≈≈≈≈⚶≈....⚶.
≈......⚶.⚶.....⚵
..≈⚶.≈⚶......⚶..⚵⚵
.≈................⚵⚵
......▓....▓...⚵.....▓.
⚶.........▓......▓ ...▓.
▓.⚵.......▓......▓
.....▓ .....⚵€.!......⚵▓
....▓▓ ....⚵....e......▓
▓▓.....▓
....⚵.......▓▓†▓▓▓.....▓
...▓▓▓......▓▓▓.▓.....▓
.. ▓.▓...⚵.▓▓▓▓....▓
▓.▓.....▓▓▓⚵⚶†.▓▓.▓
▓.▓.....⚶▓..<...▓ ▓ ▓
..▓...⚶.▓..÷▓▓▓
▓⚵▓.▓⚶⚶⚶⚶⚶..▓▓
▓▓▓⚶⚶⚵..▓▓


There were no monsters in sight!

Vanquished Creatures
  Maud (Lair:3)
  An orc warlord (Orc:4)
  3 hydras (Lair:5)
  4 ogre magi (Orc:4)
  10 death yaks
  Nergalle (Orc:2)
  Erolcha (D:8)
  A hill giant (D:11)
  Pikel (D:4)
  An unseen horror (D:11)
  2 griffons
  2 orc sorcerers
  An orc knight (Orc:1)
  An ugly thing (D:11)
  3 black mambas
  8 elephants (Lair:6)
  Joseph (D:11)
  9 spiny frogs
  4 komodo dragons
  2 centaur skeletons
  An eye of devastation (Lair:7)
  2 fire drakes
  2 trolls
  A queen bee (D:11)
  3 polar bears
  15 two-headed ogres
  A wraith (D:11)
  2 basilisks
  9 blink frogs
  2 spriggans
  A wyvern (D:8)
  59 yaks
  2 hungry ghosts
  Grum (D:8)
  2 wargs
  A steam dragon (Lair:4)
  11 hippogriffs
  4 nagas
  6 swamp worms (Lair:6)
  22 porcupines
  26 wolves
  10 water moccasins
  3 ice beasts
  2 black bears
  4 sky beasts
  18 orc warriors
  A wasp (D:9)
  5 spiders (Lair:4)
  4 phantoms
  38 ogres
  3 slaves (D:4)
  15 crocodiles
  Duvessa (D:5)
  A big kobold (D:10)
  3 centaurs
  28 giant frogs
  A boring beetle (Lair:7)
  Blork the orc (D:7)
  23 jellies
  3 scorpions
  A water moccasin skeleton (D:9)
  2 electric eels (Lair:6)
  15 killer bees
  3 wights (D:10)
  3 goliath beetles
  Dowan (D:5)
  A giant frog zombie (D:7)
  4 crimson imps
  A giant frog skeleton (D:8)
  Crazy Yiuf (D:5)
  A quasit (D:11)
  11 hounds
  12 iguanas
  25 orc priests
  A gnoll shaman (D:4)
  4 worker ants
  26 orc wizards
  A killer bee zombie (D:5)
  12 sheep
  3 hound skeletons
  2 worker ant zombies
  8 gnolls (D:4)
  23 adders
  52 river rats
  A shadow imp (D:8)
  2 giant mites
  A worm (D:2)
  An adder zombie (D:8)
  10 giant geckos
  2 oozes
  188 orcs
  7 giant cockroaches
  29 goblins
  28 hobgoblins
  12 jackals
  18 quokkas
  2 ball pythons (D:4)
  17 bats
  A giant gecko zombie (D:7)
  5 giant newts
  19 kobolds
  An orc zombie (Orc:2)
  A quokka skeleton (D:5)
  16 rats
  3 ballistomycetes (D:11)
971 creatures vanquished.

Vanquished Creatures (others)
  A human (D:8)
  A river rat (Lair:8)
  A giant mite (D:4)
  3 orcs (D:11)
  A giant spore (D:11)
  A ballistomycete (D:11)
  10 fungi
  5 plants
23 creatures vanquished.

Grand Total: 994 creatures vanquished

Notes
Turn   | Place    | Note
--------------------------------------------------------------
     0 | D:1      | utis, the Deep Elf Venom Mage, began the quest for the Orb.
     0 | D:1      | Reached XP level 1. HP: 10/10 MP: 5/5
   238 | D:1      | Reached skill level 1 in Conjurations
   372 | D:1      | Reached XP level 2. HP: 15/15 MP: 6/8
   394 | D:1      | Learned a level 2 spell: Cure Poison
  1310 | D:1      | Reached XP level 3. HP: 19/19 MP: 8/10
  1780 | D:2      | Learned a level 3 spell: Mephitic Cloud
  2154 | D:2      | Found a radiant altar of Vehumet.
  2420 | D:2      | Found a deep blue altar of Sif Muna.
  2561 | D:2      | Became a worshipper of Vehumet
  2627 | D:3      | Reached XP level 4. HP: 22/24 MP: 5/13
  3461 | D:3      | Learned a level 4 spell: Olgreb's Toxic Radiance
  3645 | D:3      | Acquired Vehumet's first power
  3645 | D:3      | Offered knowledge of Magic Dart by Vehumet.
  3789 | D:3      | Found an opulent altar of Gozag.
  4181 | D:3      | Reached XP level 5. HP: 28/28 MP: 15/18
  4448 | D:4      | Reached skill level 5 in Poison Magic
  5421 | D:4      | Noticed a slave
  5439 | D:4      | Noticed utis' ghost (average DEEE)
  5441 | D:4      | Killed a slave
  5459 | D:4      | Noticed Pikel
  5459 | D:4      | Noticed a slave
  5460 | D:4      | Noticed a slave
  5460 | D:4      | Noticed a slave
  5480 | D:4      | Killed a slave
  6076 | D:4      | Reached XP level 6. HP: 24/32 MP: 10/20
  6556 | D:4      | Noticed an ogre
  6579 | D:4      | Killed an ogre
  6579 | D:4      | Reached skill level 5 in Dodging
  6978 | D:4      | Noticed an ogre
  6997 | D:4      | Killed an ogre
  6997 | D:4      | Reached skill level 6 in Dodging
  6997 | D:4      | Reached XP level 7. HP: 36/36 MP: 21/21
  7186 | D:4      | Noticed an ogre
  7217 | D:4      | Killed an ogre
  7217 | D:4      | Reached skill level 7 in Dodging
  7335 | D:4      | Killed a slave
  7458 | D:4      | Killed Pikel
  7458 | D:4      | Reached XP level 8. HP: 36/48 MP: 21/23
  7542 | D:4      | Offered knowledge of Sandblast by Vehumet.
  7973 | D:5      | Entered Level 5 of the Dungeon
  8080 | D:5      | Reached skill level 5 in Fighting
  8253 | D:5      | Noticed Dowan
  8256 | D:5      | Reached skill level 1 in Staves
  8262 | D:5      | Noticed Duvessa
  8282 | D:5      | Killed Duvessa
  8381 | D:5      | Killed Dowan
  8523 | D:5      | Reached skill level 1 in Short Blades
  8605 | D:5      | Noticed Crazy Yiuf
  8625 | D:5      | Killed Crazy Yiuf
  8793 | D:5      | Offered knowledge of Inner Flame by Vehumet.
  8868 | D:5      | Found Clogh's Antique Armour Shop.
  8892 | D:5      | Bought a pair of distressingly furry boots for 247 gold pieces
  8903 | D:5      | Identified the +0 pair of boots of Kiaj {Str+3 Int+4} (You bought it in a shop on level 5 of the Dungeon)
  8903 | D:5      | Bought a shiny helmet for 117 gold pieces
  9232 | D:5      | Found a basalt altar of Yredelemnul.
  9232 | D:5      | Found a shadowy altar of Dithmenos.
  9238 | D:5      | Found a burning altar of Makhleb.
  9247 | D:5      | Found a bloodstained altar of Trog.
  9248 | D:5      | Found a snail-covered altar of Cheibriados.
  9248 | D:5      | Found a shattered altar of Ashenzari.
  9250 | D:5      | Found a stormy altar of Qazlal.
  9253 | D:5      | Found a sparkling altar of Nemelex Xobeh.
  9854 | D:6      | Acquired Vehumet's second power
  9854 | D:6      | Reached XP level 9. HP: 54/54 MP: 22/24
  9872 | D:6      | Found a glowing golden altar of the Shining One.
 10496 | D:6      | Reached skill level 5 in Short Blades
 10704 | D:7      | Got an ancient morningstar
 10742 | D:7      | Found a bloodstained altar of Trog.
 10787 | D:7      | Identified the +6 morningstar of Grandeur {vamp, +Fly rC+ rN+} (You found it on level 7 of the Dungeon)
 11103 | D:7      | Noticed Blork the orc
 11116 | D:7      | Killed Blork the orc
 11120 | D:7      | Offered knowledge of Iskenderun's Mystic Blast by Vehumet.
 11126 | D:7      | Learned a level 4 spell: Iskenderun's Mystic Blast
 11389 | D:7      | Reached skill level 5 in Spellcasting
 11728 | D:7      | Found a staircase to the Ecumenical Temple.
 12353 | D:7      | Reached skill level 8 in Spellcasting
 12363 | D:7      | Acquired Vehumet's third power
 12494 | D:7      | Reached skill level 9 in Spellcasting
 12594 | D:7      | oops
 12949 | D:8      | Found an ancient bone altar of Kikubaaqudgha.
 13058 | D:8      | Noticed Grum
 13149 | D:8      | Killed Grum
 13149 | D:8      | Reached XP level 10. HP: 37/61 MP: 25/30
 13747 | D:8      | Offered knowledge of Fireball by Vehumet.
 14837 | D:8      | Noticed Erolcha
 14860 | D:8      | Killed Erolcha
 15152 | D:9      | Found a staircase to the Lair.
 16071 | D:9      | Paralysed by a yellow wasp for 1 turns
 16419 | D:9      | Reached skill level 10 in Fighting
 16419 | D:9      | Reached XP level 11. HP: 66/72 MP: 25/31
 16604 | D:10     | Entered Level 10 of the Dungeon
 17280 | D:11     | Reached skill level 1 in Armour
 17289 | D:11     | Found a staircase to the Orcish Mines.
 17436 | D:11     | Offered knowledge of Iskenderun's Battlesphere by Vehumet.
 17482 | D:11     | Learned a level 5 spell: Iskenderun's Battlesphere
 17488 | D:11     | Learned a level 5 spell: Venom Bolt
 17491 | D:11     | Learned a level 2 spell: Blink
 17493 | D:11     | Learned a level 1 spell: Apportation
 17495 | D:11     | Learned a level 1 spell: Summon Butterflies
 17509 | D:11     | Noticed a hill giant
 17570 | D:11     | Killed a hill giant
 17791 | D:11     | Reached skill level 10 in Spellcasting
 18215 | D:11     | Noticed Joseph
 18230 | D:11     | Killed Joseph
 18420 | D:11     | Reached skill level 11 in Spellcasting
 18738 | D:11     | Found a roughly hewn altar of Beogh.
 18929 | D:11     | Noticed a seven-headed hydra
 19267 | D:9      | Reached skill level 12 in Spellcasting
 19374 | Lair:1   | Entered Level 1 of the Lair of Beasts
 20613 | Lair:1   | Reached skill level 1 in Charms
 20709 | Lair:1   | Identified the Volume of Curses and the Arsonist (You found it on level 1 of the Lair of Beasts)
 21233 | Lair:2   | Reached skill level 5 in Charms
 21653 | Lair:2   | Reached XP level 12. HP: 74/77 MP: 34/34
 23303 | Lair:2   | Identified Dannovyp's Reference Book on Boosts and Black Secrets (You found it on level 2 of the Lair of Beasts)
 23308 | Lair:2   | Learned a level 3 spell: Regeneration
 23574 | Lair:3   | Reached skill level 10 in Dodging
 23779 | Lair:3   | Reached skill level 5 in Armour
 24015 | Lair:3   | Offered knowledge of Orb of Destruction by Vehumet.
 25241 | Lair:3   | Noticed Maud
 25802 | Lair:3   | You fall through a shaft!
 26801 | Lair:3   | Killed Maud
 26801 | Lair:3   | Reached skill level 13 in Dodging
 27922 | Orc:1    | Entered Level 1 of the Orcish Mines
 27935 | Orc:1    | Offered knowledge of Irradiate by Vehumet.
 28640 | Orc:2    | Noticed Nergalle
 28666 | Orc:2    | Killed Nergalle
 29400 | Orc:1    | Reached XP level 13. HP: 81/83 MP: 10/35
 29701 | Orc:3    | Found a staircase to the Elven Halls.
 30580 | Orc:2    | Offered knowledge of Ignite Poison by Vehumet.
 30754 | Orc:2    | Found a radiant altar of Vehumet.
 31211 | Orc:1    | Found Gheot's Food Shoppe.
 31533 | Orc:4    | Entered Level 4 of the Orcish Mines
 31767 | Orc:4    | Noticed an orc warlord
 32240 | Orc:4    | Killed an orc warlord
 32616 | Orc:4    | Offered knowledge of Freezing Cloud by Vehumet.
 33716 | Orc:4    | Found Gapn's Magic Scroll Boutique.
 33717 | Orc:4    | Found Wamenag's Antique Armour Shoppe.
 33717 | Orc:4    | Found Graetaolu's Weapon Shoppe.
 33717 | Orc:4    | Found Pnapnix's Food Shop.
 33746 | Orc:4    | Bought a scroll of fear for 56 gold pieces
 33746 | Orc:4    | Bought a scroll of blinking for 120 gold pieces
 33746 | Orc:4    | Bought a scroll of teleportation for 48 gold pieces
 34861 | Orc:4    | Bought a warped leather armour for 161 gold pieces
 34872 | Orc:4    | Identified the +2 leather armour of Psokhlit {rPois Str+1} (You bought it in a shop on level 4 of the Orcish Mines)
 35150 | D:11     | Found a gateway to a bazaar.
 35241 | D:11     | Offered knowledge of Delayed Fireball by Vehumet.
 35708 | D:11     | Reached skill level 1 in Maces & Flails
 36901 | Lair:4   | Got a shimmering shortbow
 37215 | Lair:4   | Found a hole to the Spider Nest.
 38372 | Lair:5   | Reached XP level 14. HP: 63/92 MP: 6/36
 39487 | Lair:5   | Reached skill level 5 in Maces & Flails
 40050 | Lair:5   | Offered knowledge of Ozocubu's Refrigeration by Vehumet.
 40380 | Lair:5   | Found a staircase to the Snake Pit.
 42025 | Lair:6   | Found a staircase to the Swamp.
 44130 | Lair:6   | Found a staircase to the Swamp.
 46774 | Lair:7   | Found a staircase to the Slime Pits.
 47286 | Lair:8   | Entered Level 8 of the Lair of Beasts
 47625 | Lair:8   | Upgraded the game from 0.16-a0-2702-gfff482a to 0.16-a0-4088-g7c8221e
 47625 | Lair:8   | Quit the game

Action                   |  1- 3 |  4- 6 |  7- 9 | 10-12 | 13-15 || total
-------------------------+-------+-------+-------+-------+-------++-------
Melee: Club              |     3 |       |       |       |       ||     3
       Unarmed           |     1 |       |       |       |       ||     1
       Whip              |     6 |    20 |       |       |       ||    26
       Quarterstaff      |       |     2 |    57 |       |       ||    59
       Dagger            |       |       |    93 |       |       ||    93
       Morningstar       |       |       |    89 |   565 |   857 ||  1511
Throw: Stone             |       |     1 |    58 |    60 |    14 ||   133
       Javelin           |       |       |       |     3 |    21 ||    24
       Tomahawk          |       |       |       |       |    18 ||    18
 Cast: Sting             |   124 |   156 |   226 |   588 |   696 ||  1790
       Cure Poison       |       |    14 |     9 |    13 |     5 ||    41
       Olgreb's Toxic Ra |       |    12 |     9 |    52 |    29 ||   102
       Mephitic Cloud    |       |     2 |       |       |       ||     2
       Iskenderun's Myst |       |       |       |    18 |    37 ||    55
       Iskenderun's Batt |       |       |       |    10 |    30 ||    40
       Venom Bolt        |       |       |       |     5 |    83 ||    88
       Blink             |       |       |       |     1 |       ||     1
  Use: Scroll            |     4 |     4 |     7 |    12 |     8 ||    35
       Potion            |       |     2 |     1 |     5 |       ||     8
 Stab: Sleeping          |       |       |       |     1 |     3 ||     4
       Distracted        |       |       |       |       |     1 ||     1
  Eat: Chunk             |     5 |    16 |    17 |    50 |    49 ||   137
       Fruit             |       |       |     1 |     4 |     6 ||    11
       Bread ration      |       |       |     1 |       |     5 ||     6
       Beef jerky        |       |       |     1 |       |     1 ||     2
       Pizza             |       |       |     1 |       |       ||     1
